 Dungeon Crawl Stone Soup version 0.27-a0-679-g77a6b55cf3 (webtiles) character file.

Game seed: 3422584549869400456

30 ReteAZ the Conjurer (level 2, -4/20 HPs)
             Began as a Demigod Conjurer on Mar 19, 2021.
             Killed from afar by Sigmund (13 damage)
             ... with a puff of flame
             ... on level 2 of the Dungeon.
             The game lasted 00:01:44 (1030 turns).

ReteAZ the Conjurer (Demigod Conjurer)              Turns: 1030, Time: 00:01:44

Health: -4/20      AC:  2    Str:  8    XL:     2   Next: 87%
Magic:  2/7        EV: 12    Int: 20    God:
Gold:   31         SH:  0    Dex: 12    Spells: 2/5 levels left

rFire    . . .     SeeInvis .   b - +0 mace
rCold    . . .     Faith    .   (no shield)
rNeg     . . .     Spirit   .   a - +0 robe
rPois    .         Reflect  .   (no helmet)
rElec    .         Harm     .   (no cloak)
rCorr    .         Rampage  .   (no gloves)
Will     .....                  (no boots)
Stlth    +.........             (no amulet)
HPRegen  0.06/turn              (no ring)
MPRegen  0.10/turn              (no ring)

@: confused
A: high mp 1, forlorn
a: no special abilities


You were on level 2 of the Dungeon.
You visited 1 branch of the dungeon, and saw 2 of its levels.

You collected 31 gold pieces.

Inventory:

Hand Weapons
 b - a +0 mace (weapon)
Armour
 a - a +0 robe (worn)
Scrolls
 c - a scroll of immolation {unknown}
 d - a scroll of teleportation {unknown}
 e - a scroll of fog {unknown}


   Skills:
 - Level 1.7 Dodging
 - Level 1.7 Stealth
 + Level 2.2 Spellcasting
 * Level 4.3 Conjurations


You had 2 spell levels left.
You knew the following spells:

 Your Spells              Type           Power      Damage    Failure   Level
a - Magic Dart            Conj           76%        1d6       2%          1
b - Searing Ray           Conj           38%        3d4       4%          2

Your spell library contained the following spells:

 Spells                   Type           Power      Damage    Failure   Level
 Dazzling Flash           Conj/Hex       20%        N/A       19%         3
 Fulminant Prism          Conj/Hex       5%         3d7       54%         4
 Iskenderun's Mystic Bla  Conj/Tloc      10%        2d4       54%         4


Dungeon Overview and Level Annotations

Branches:
Dungeon (1/15)

Annotations:
D:2 Sigmund


Innate Abilities, Weirdness & Mutations

Your attributes grow dramatically as you level up.
You have an increased reservoir of magic. (+10% MP)
You shall have no god before yourself.


Message History

You hit the worm.
The worm is severely wounded.
You hit the worm.
You kill the worm!
No target in view!
HP restored.
Found a robe.
e - a scroll labelled XYEROT XUID A bat comes into view.
The magic dart hits the bat.
You kill the bat!
You hear a shout!
Sigmund the Dreaded comes into view.
He is wielding a +0 scythe.
The magic dart hits Sigmund but does no damage.
The magic dart hits Sigmund but does no damage.
Memorise Searing Ray, consuming 2 spell levels and leaving 2?
You start memorising the spell.
You continue memorising. x2
You finish memorising.
Spell assigned to 'b'.
Casting: Magic Dart (safe; 2% risk of failure)
Confirm with . or Enter, or press ? or * to list all spells.
Aiming: Searing Ray (safe; 4% risk of failure)
Press: ? - help, Shift-Dir - straight line, f/p - Sigmund
Aim: Sigmund, wielding a +0 scythe and wearing a +0 robe (25% to evade)
The searing ray hits Sigmund.
Sigmund is moderately wounded. (Press . to maintain the ray.) Sigmund closely misses you.
The searing ray misses Sigmund.
Sigmund casts a spell at you.
You are confused.
Sigmund casts a spell at you. The magic dart hits you!
Sigmund says, "Look into my eyes."
Sigmund hits you from afar with a +0 scythe.
You bump into the rock wall.
Sigmund says, "I'm your fate." Sigmund gestures at you while chanting.
The puff of flame hits you!
Ouch! That really hurt!
You die...

##### ####. # #### ....
#### .
####################....
................@.@.....
#####################..†


You could see Sigmund.

Vanquished Creatures
  A worm (D:2)
  A dart slug (D:2)
  A leopard gecko (D:1)
  2 goblins (D:1)
  4 hobgoblins (D:1)
  A jackal (D:2)
  A quokka (D:1)
  A ball python (D:1)
  3 bats
  A frilled lizard (D:2)
  6 kobolds
  2 rats (D:1)
24 creatures vanquished.

Notes
Turn   | Place    | Note
-------+----------+-------------------------------------------
     0 | D:1      | ReteAZ the Demigod Conjurer began the quest for the Orb.
     0 | D:1      | Reached XP level 1. HP: 14/14 MP: 5/5
   360 | D:1      | Reached skill level 4 in Conjurations
   360 | D:1      | Reached XP level 2. HP: 9/20 MP: 0/7
   786 | D:1      | You fall into a shaft and drop 1 floor!
  1020 | D:2      | Noticed Sigmund
  1026 | D:2      | Learned a level 2 spell: Searing Ray
  1030 | D:2      | Killed from afar by Sigmund

Illustrated notes

Levels and vault maps discovered:
D:1:      psy_arrival_conway, layout_loops_ring, st_stairs_10
D:2:      layout_rooms, kennysheep_small_spiral,
          nicolae_qazlal_eye_of_the_storm, uniq_jessica, uniq_sigmund

Skill      XL: |  1 |
---------------+----+-----
Spellcasting   | 2 |  2.2
Conjurations   | 4 |  4.3
Dodging        | |  1.7
Stealth        | |  1.7

Action                   || total
-------------------------++-------
Melee: Mace              ||    16
 Cast: Magic Dart        ||    47
       Searing Ray       ||     1
Armor: Robe              ||     5
Dodge: Dodged            ||    16

Table legend: (Time is in decaauts)
 A = Elapsed time spent in this place.
 B = Non-inter-level travel time spent in this place.
 C = Inter-level travel time spent in this place.
 D = Time resting spent in this place.
 E = Time spent auto-exploring this place.
 F = Levels seen in this place.
 G = Mean time per level.
                   A        B        C        D        E       F      G
               +--------+--------+--------+--------+--------+-----+--------+
         Total |   1038 |   1038 |      0 |    152 |    752 |   2 |  519.0 |
       Dungeon |   1038 |   1038 |      0 |    152 |    752 |   2 |  519.0 |
               +--------+--------+--------+--------+--------+-----+--------+

Top non-repeatable levels by time:
     D:1: 793 daAuts
     D:2: 245 daAuts
